 Dungeon Crawl Stone Soup version 0.19-a0-231-gae044c8 (webtiles) character file.

130 Delvonshi the Gusty (level 5, -3/32 HPs)
             Began as a Tengu Air Elementalist on May 24, 2016.
             Slain by Natasha (6 damage)
             ... on level 2 of the Dungeon.
             The game lasted 00:17:35 (3016 turns).

Delvonshi the Gusty (Tengu Air Elementalist)        Turns: 3016, Time: 00:17:35

Health: -3/32      AC:  4    Str:  9    XL:     5   Next: 14%
Magic:  7/8        EV: 14    Int: 16    God:
Gold:   133        SH:  0    Dex: 14    Spells: 3 memorised, 2 levels left

rFire  + + .     SeeInvis .     i - +0 hunting sling
rCold  . . .     Gourm    .     p - +1 leather armour {rF+}
rNeg   . . .     Faith    .     (no shield)
rPois  .         Spirit   .     (helmet restricted)
rElec  .         Dismiss  .     (no cloak)
rCorr  .         Reflect  .     (no gloves)
SustAt .         Harm     .     (boots unavailable)
MR     .....                    (no amulet)
Stlth  ++........               (no ring)
                                (no ring)

@: flying quickly and evasively, slowed, repel missiles, very slow, not
resistant to hostile enchantments, unstealthy
A: beak, talons 3, deterioration 1, fire resistance 1, low mp 1, able to fly 1
a: no special abilities


You were on level 2 of the Dungeon.
You were not hungry.

You visited 1 branch of the dungeon, and saw 3 of its levels.

You collected 133 gold pieces.

Inventory:

Hand Weapons
 i - a +0 hunting sling (weapon)
Missiles
 f - 13 arrows
 j - 17 bolts
 n - 22 sling bullets (quivered)
Armour
 a - a +0 robe
 p - a +1 leather armour of fire resistance (worn)
Scrolls
 g - 2 scrolls of enchant armour
 h - 2 scrolls of identify
 l - a scroll of teleportation
 m - a scroll of noise {unknown}
 t - a scroll of remove curse
Potions
 q - a potion of haste {unknown}
Books
 b - a book of Air

   Spells                             Type                      Level
   a - Shock                          Conjuration/Air              1
   b - Swiftness                      Charms/Air                   2
   c - Repel Missiles                 Charms/Air                   2
   d - Static Discharge               Conjuration/Air              3
   e - Lightning Bolt                 Conjuration/Air              5
Comestibles
 c - a bread ration
 d - 2 fruits
 o - a royal jelly
 r - 2 chunks of flesh


   Skills:
 * Level 3.1 Fighting
 - Level 2.1 Dodging
 - Level 2.0 Stealth
 - Level 2.0 Spellcasting
 + Level 3.3 Conjurations
 + Level 5.0 Air Magic


You had 2 spell levels left.
You knew the following spells:

 Your Spells              Type           Power        Failure   Level  Hunger
a - Shock                 Conj/Air       ###.         6%          1    #......
b - Static Discharge      Conj/Air       ###.....     17%         3    ###....
c - Repel Missiles        Chrm/Air       #.....       17%         2    ###....


Dungeon Overview and Level Annotations

Branches:
Dungeon (3/15)

Altars:
Trog

Annotations:
D:2 Natasha


Innate Abilities, Weirdness & Mutations

You have a beak for a mouth.
You have claws for feet.
You can fly.
Your body sometimes deteriorates upon taking damage.
Your flesh is heat resistant. (rF+)
Your magical capacity is low. (-10% MP)


Message History

The teleport trap disappears.
The iron imp disappears!
The iron imp reappears nearby!
Natasha closely misses you. Natasha claws you. Natasha claws you.
Natasha claws you!
* * * LOW HITPOINT WARNING * * *
Your magical contamination has completely faded away.
Drink which item? (? for menu, Esc to quit)
It was a potion of mutation.
You feel extremely strange.
You feel yourself wasting away.
You feel resistant to heat.
You feel less energetic. Natasha closely misses you.
Drink which item? (? for menu, Esc to quit)
It was a potion of flight.
You feel more buoyant. Natasha claws you.
* * * LOW HITPOINT WARNING * * *
Natasha claws you.
You die...

......# ......# ......#
......######## #######
..........(..# ##.....##
......######.# ##.......##
......# #.### #.........# ....†.#
#...#####.........# ......#
##.5h@.##.........####
####÷########..##............##..
........##.....####........<.##..
................####........###..
.............................#..#
.................###............#
.................# #...........##
.................# #...........#
.................# #...>.....###


You could see an iron imp and Natasha.

Vanquished Creatures
  Jessica (D:2)
  5 adders
  A worm (D:2)
  5 dart slugs
  A giant gecko (D:1)
  6 bats
  3 giant cockroaches (D:1)
  3 hobgoblins
  2 kobolds (D:2)
  2 quokkas (D:2)
  2 ball pythons (D:2)
  5 giant newts
  4 goblins
  15 rats
55 creatures vanquished.

Notes
Turn   | Place    | Note
--------------------------------------------------------------
     0 | D:1      | Delvonshi the Tengu Air Elementalist began the quest for the Orb.
     0 | D:1      | Reached XP level 1. HP: 10/10 MP: 4/4
   183 | D:1      | Reached skill level 1 in Fighting
   183 | D:1      | Reached XP level 2. HP: 16/16 MP: 3/6
   764 | D:1      | Reached XP level 3. HP: 19/20 MP: 4/7
   799 | D:1      | Learned a level 3 spell: Static Discharge
  1521 | D:2      | Reached XP level 4. HP: 26/26 MP: 0/8
  1806 | D:2      | Found a bloodstained altar of Trog.
  1819 | D:2      | Noticed Jessica
  1833 | D:2      | Killed Jessica
  1933 | D:2      | Reached skill level 5 in Air Magic
  2006 | D:2      | Learned a level 2 spell: Repel Missiles
  2296 | D:3      | Gained mutation: You can fly. [Tengu growth]
  2296 | D:3      | Reached XP level 5. HP: 30/32 MP: 1/9
  2473 | D:3      | Found a faded altar to an unknown god.
  2570 | D:3      | Noticed Natasha
  3015 | D:2      | Gained mutation: Your body sometimes deteriorates upon taking damage. [potion of mutation]
  3015 | D:2      | Gained mutation: Your flesh is heat resistant. (rF+) [potion of mutation]
  3015 | D:2      | Gained mutation: Your magical capacity is low. (-10% MP) [potion of mutation]
  3016 | D:2      | Slain by Natasha

Vault maps used:
D:1:      dpeg_arrival_orchard
D:2:      bloody_trog, uniq_jessica
D:3:      forest_paths, nicolae_overflow_crystal_walls, ecumenical_altar_2,
          uniq_natasha

Skill      XL: |  1  2  3  4  5 |
---------------+----------------+-----
Fighting       | 1 2 3 |  3.1
Conjurations   | 2 3 |  3.3
Air Magic      | 5 |  5.0
Dodging        | |  2.1
Stealth        | |  2.0
Spellcasting   | |  2.0

Action                   |  1- 3 |  4- 6 || total
-------------------------+-------+-------++-------
Melee: Unarmed           |     1 |       ||     1
       Dagger            |     8 |       ||     8
       Kick              |     2 |       ||     2
       Peck              |     2 |       ||     2
 Fire: Hunting sling     |       |    22 ||    22
 Cast: Shock             |    62 |    39 ||   101
       Static Discharge  |     1 |     3 ||     4
       Repel Missiles    |       |     1 ||     1
 Abil: Fly               |       |     2 ||     2
  Use: Scroll            |     5 |       ||     5
       Potion            |       |     2 ||     2
  Eat: Chunk             |     3 |     4 ||     7
       Meat ration       |       |     1 ||     1
Armor: Robe              |     2 |       ||     2
       Leather armour    |       |     3 ||     3
Dodge: Dodged            |    12 |    27 ||    39
       Deflected         |       |     1 ||     1
